[Event "Titled Tuesday Blitz July 18 Late 2023"]
[White "Yoo, Christopher Woojin"]
[Black "Grebeniuk, Semen"]
[WhiteFideId "30909694"]
[BlackFideId "14117509"]
[WhiteElo "2995"]
[BlackElo "2571"]
[Result "1-0"]
[Round "2"]
[TimeControl "180+2"]
[Date "2023.07.18"]
[WhiteClock "0:00:14"]
[BlackClock "0:00:20"]
[Board "12"]

1. g3 f5 2. d4 Nf6 3. Bg2 d6 4. Nf3 g6 5. c4 Bg7 6. Nc3 O-O 7. O-O Qe8 8. d5 a5 9. Nd4 Na6 10. b3 Bd7 11. Bb2 Nc5 12. Qc2 c6 13. Rad1 Rc8 14. Qb1 Qf7 15. Qa1 h6 16. e3 Ng4 17. Nce2 g5 18. h3 Ne5 19. f4 Ned3 20. Bc3 Qg6 21. Qb1 Nb4 22. a3 Nba6 23. g4 Ne4 24. gxf5 Nxc3 25. fxg6 Nxb1 26. Rxb1 Nc5 27. f5 Nd3 28. Be4 Nc5 29. Bc2 cxd5 30. cxd5 Be5 31. b4 axb4 32. axb4 Na4 33. Bxa4 Bxa4 34. Rbc1 Bd7 35. e4 Kg7 36. Kg2 Kf6 37. Nf3 Bb2 38. Ng3 Bxf5 39. Rxc8 Bxc8 40. Nxg5+ Kg7 41. Nh5+ Kxg6 42. Rxf8 Kxg5 43. Rxc8 Kxh5 44. Rc7 b6 45. Rxe7 Kg5 46. Re6 Be5 47. Rxe5+ dxe5 48. Kg3 h5 49. d6 Kf6 50. Kh4 Ke6 51. Kxh5 Kxd6 52. h4 Kc6 53. Kg4 Kb5 54. h5 Kxb4 55. h6 b5 56. h7 Ka3 57. h8=Q b4 58. Qxe5 b3 59. Qa1+ Kb4 60. Qb2 1-0


[Site "https://www.chess.com"]

[Event "Titled Tuesday Blitz July 18 Late 2023"]
[White "Maghsoodloo, Parham"]
[Black "Krishnan, Varun"]
[WhiteFideId "12539929"]
[BlackFideId "5054508"]
[WhiteElo "2985"]
[BlackElo "2571"]
[Result "0-1"]
[Round "2"]
[TimeControl "180+2"]
[Date "2023.07.18"]
[WhiteClock "0:00:00"]
[BlackClock "0:00:04"]
[Board "14"]

1. d4 a6 2. e4 e6 3. c4 d5 4. cxd5 exd5 5. e5 c5 6. Nf3 Nc6 7. Be2 cxd4 8. O-O Bc5 9. Nbd2 Ba7 10. Nb3 Qb6 11. a4 Bg4 12. a5 Qc7 13. Nfxd4 Bxe2 14. Nxe2 Nge7 15. Bf4 O-O 16. e6 Qc8 17. exf7+ Rxf7 18. Nbc1 Nd4 19. Ra4 Nec6 20. Bg3 Nxe2+ 21. Nxe2 Qf5 22. Rf4 Qh5 23. Rxf7 Qxf7 24. Qd2 d4 25. Nf4 Rd8 26. Nd3 Qd5 27. b4 Qb5 28. Re1 Bb8 29. Bxb8 Rxb8 30. h4 Rf8 31. f3 Qf5 32. Re4 Qf6 33. Qa2+ Kh8 34. Qd5 Rd8 35. Qc4 Qd6 36. h5 h6 37. Qf7 Nxb4 38. Re6 Qg3 39. Rg6 Qxg6 0-1


[Site "https://www.chess.com"]

[Event "Titled Tuesday Blitz July 18 Late 2023"]
[White "Jimenez Almeida, Luis David"]
[Black "Kramnik, Vladimir"]
[WhiteFideId "22242244"]
[BlackFideId "4101588"]
[WhiteElo "2570"]
[BlackElo "2984"]
[Result "1/2-1/2"]
[Round "2"]
[TimeControl "180+2"]
[Date "2023.07.18"]
[WhiteClock "0:00:03"]
[BlackClock "0:00:04"]
[Board "15"]

1. d4 Nf6 2. Nf3 e6 3. Bg5 d6 4. Nbd2 Nbd7 5. e3 h6 6. Bh4 g5 7. Bg3 Nh5 8. Bd3 Qe7 9. Ng1 Nxg3 10. hxg3 Bg7 11. Ne2 h5 12. c4 c5 13. Qc2 a6 14. Rc1 b6 15. Be4 Ra7 16. a3 Nf6 17. Bc6+ Kf8 18. Ne4 Rc7 19. Nxf6 Bxf6 20. Be4 cxd4 21. Nxd4 d5 22. Bd3 dxc4 23. Be2 g4 24. b3 c3 25. O-O Qxa3 26. Ra1 Qb2 27. Qe4 e5 28. Nc2 Qxb3 29. Rfb1 Qe6 30. Bxa6 Kg7 31. Bxc8 Rhxc8 32. Ra6 Rc4 33. Qb7 Qf5 34. Rbxb6 R4c7 35. Qd5 Rd7 36. Rd6 Rxd6 37. Qxd6 h4 38. e4 Qg5 39. gxh4 Qc1+ 40. Kh2 Qf4+ 41. Kg1 Bxh4 42. g3 Bxg3 43. fxg3 Qxg3+ 44. Kf1 Qf3+ 45. Kg1 Qf4 46. Ne1 Rh8 47. Ng2 Qc1+ 48. Kf2 Qd2+ 49. Qxd2 cxd2 50. Rd6 Rc8 51. Rxd2 Kg6 52. Ne3 Kg5 53. Rd7 Kf4 54. Rxf7+ Kxe4 55. Nxg4 Rc2+ 56. Kg3 Rc3+ 57. Kh4 Rc4 58. Re7 Rc5 59. Nxe5 Rxe5 60. Rxe5+ Kxe5 1/2-1/2


[Site "https://www.chess.com"]

[Event "Titled Tuesday Blitz July 18 Late 2023"]
[White "Svane, Frederik"]
[Black "Vlassov, Nikolai"]
[WhiteFideId "12923044"]
[BlackFideId "4103360"]
[WhiteElo "2971"]
[BlackElo "2569"]
[Result "1-0"]
[Round "2"]
[TimeControl "180+2"]
[Date "2023.07.18"]
[WhiteClock "0:01:41"]
[BlackClock "0:00:09"]
[Board "16"]

1. c4 e5 2. Nc3 Nf6 3. Nf3 e4 4. Ng5 c6 5. Ngxe4 Nxe4 6. Nxe4 d5 7. cxd5 cxd5 8. Ng3 h5 9. e3 h4 10. Ne2 Nc6 11. d4 h3 12. Nf4 g5 13. Nd3 hxg2 14. Bxg2 Be6 15. Bd2 Bd6 16. Qb3 Bxh2 17. Nc5 Qb6 18. Bxd5 Bxd5 19. Qxd5 Qxb2 20. Qe4+ Kf8 21. Rb1 Qxa2 22. Rxb7 Rc8 23. Qf5 Re8 24. Nd7+ Kg7 25. Qxg5+ 1-0


[Site "https://www.chess.com"]

[Event "Titled Tuesday Blitz July 18 Late 2023"]
[White "robertoalejandro10"]
[Black "Pranav, V"]
[BlackFideId "25060783"]
[WhiteElo "2565"]
[BlackElo "2971"]
[Result "0-1"]
[Round "2"]
[TimeControl "180+2"]
[Date "2023.07.18"]
[WhiteClock "0:00:04"]
[BlackClock "0:00:19"]
[Board "17"]

1. Nf3 Nf6 2. b3 g6 3. Bb2 Bg7 4. g3 O-O 5. c4 d6 6. Bg2 Nc6 7. O-O e5 8. Nc3 Bg4 9. h3 Be6 10. d4 exd4 11. Nxd4 Bd7 12. Rc1 Re8 13. Nd5 Nxd5 14. Nxc6 bxc6 15. Bxg7 Kxg7 16. cxd5 c5 17. e3 a5 18. Qd3 Qf6 19. Rfd1 h5 20. h4 Reb8 21. e4 a4 22. Rb1 axb3 23. Rxb3 Rxa2 24. f4 Rxb3 25. Qxb3 Rb2 26. Qe3 Bg4 27. e5 Qd8 28. Re1 Rb4 29. e6 Qe7 30. Qc3+ Rd4 31. Re4 fxe6 32. dxe6 Bxe6 33. Bh3 Qf6 34. Rxd4 Bxh3 35. Rc4 Qxc3 36. Rxc3 Kf6 37. Kf2 Ke6 38. Ke3 Kd7 39. Ra3 Bf5 40. Ra7 d5 41. Ra6 d4+ 42. Kd2 c6 43. Ra7+ Kd6 44. Ra8 c4 45. Re8 c3+ 46. Kc1 Kd5 47. Re5+ Kc4 48. Rxf5 gxf5 0-1


[Site "https://www.chess.com"]

[Event "Titled Tuesday Blitz July 18 Late 2023"]
[White "Svane, Rasmus"]
[Black "Medarde Santiago, Luis Marcos"]
[WhiteFideId "4657101"]
[BlackFideId "2263076"]
[WhiteElo "2969"]
[BlackElo "2563"]
[Result "0-1"]
[Round "2"]
[TimeControl "180+2"]
[Date "2023.07.18"]
[WhiteClock "0:00:06"]
[BlackClock "0:00:30"]
[Board "18"]

1. Nf3 Nf6 2. g3 d5 3. Bg2 e6 4. O-O Be7 5. c4 O-O 6. b3 b6 7. d4 Bb7 8. Nc3 Nbd7 9. Bb2 c5 10. Ne1 Rc8 11. cxd5 Nxd5 12. Nxd5 Bxd5 13. Bxd5 exd5 14. Ng2 c4 15. bxc4 dxc4 16. Rc1 b5 17. d5 b4 18. Bd4 c3 19. e4 Bf6 20. f4 Bxd4+ 21. Qxd4 Qb6 22. Rfd1 Rfd8 23. Ne3 a5 24. Nf5 Rc4 25. Qxb6 Nxb6 26. Ne7+ Kf8 27. Nc6 Ra8 28. Rd4 Rxd4 29. Nxd4 Re8 30. Nc6 Rxe4 31. Nxa5 Nxd5 32. Kf2 Rd4 33. Nb3 Rd3 34. Ke2 Re3+ 35. Kf2 Rd3 36. Ke2 Re3+ 37. Kf2 Re8 38. Rd1 Nf6 39. Rd4 Ra8 40. Nc1 Ra4 41. Ke2 b3 42. Nxb3 Rxa2+ 43. Kf3 c2 44. Rc4 Ra3 45. Rxc2 Rxb3+ 46. Kg2 h5 47. h3 g6 48. Re2 Kg7 49. Kh2 Nd5 50. Rf2 Re3 51. Kg2 Nc3 52. Rf1 Ne4 53. g4 hxg4 54. hxg4 Rg3+ 55. Kh2 Rxg4 56. f5 gxf5 57. Rxf5 Nf6 58. Rf1 Rg6 59. Kh3 Nh7 60. Rf2 f6 61. Kh4 Rg5 62. Rf1 Kg6 63. Rf2 Nf8 64. Rf1 Nd7 65. Rf2 Ne5 66. Rf1 Rg4+ 67. Kh3 Kg5 68. Rf2 f5 69. Rf1 f4 70. Rf2 f3 71. Ra2 Rf4 72. Kg3 Rf5 73. Kf2 Ng4+ 74. Kf1 f2 75. Ra1 Nh2+ 76. Kg2 f1=Q+ 77. Kg3 Qxa1 78. Kh3 Qc3+ 79. Kg2 Rf2+ 80. Kh1 Qe1# 0-1


[Site "https://www.chess.com"]

[Event "Titled Tuesday Blitz July 18 Late 2023"]
[White "Pham, Le Thao Nguyen"]
[Black "He, Anthony"]
[WhiteFideId "12401226"]
[BlackFideId "2088215"]
[WhiteElo "2558"]
[BlackElo "2966"]
[Result "0-1"]
[Round "2"]
[TimeControl "180+2"]
[Date "2023.07.18"]
[WhiteClock "0:00:00"]
[BlackClock "0:00:36"]
[Board "19"]

1. d4 Nf6 2. c4 e6 3. Nf3 d5 4. Nc3 Bb4 5. Bg5 h6 6. Bxf6 Qxf6 7. Qa4+ Nc6 8. e3 dxc4 9. Bxc4 Bd7 10. Qc2 O-O 11. O-O Bd6 12. a3 e5 13. d5 Ne7 14. Nd2 Qh4 15. g3 Qh3 16. Rfc1 f5 17. Bf1 Qh5 18. f4 exf4 19. exf4 g5 20. fxg5 hxg5 21. Qd1 g4 22. Nc4 Bc5+ 23. Kh1 f4 24. gxf4 Rxf4 25. Bg2 Raf8 26. Ne4 Bb6 27. Ng3 Qh6 28. Nxb6 Qxb6 29. Qc2 Rf2 30. Qxc7 Qxb2 31. Rg1 Rxg2 32. Rxg2 Qxa1+ 33. Rg1 Qd4 34. Qxd7 Qxd5+ 35. Qxd5+ Nxd5 36. Ne4 Rf4 37. Nc5 b6 38. Ne6 Re4 39. Ng5 Ra4 40. Rg3 Kg7 41. h3 gxh3 42. Nxh3+ Kf6 43. Kg2 b5 44. Nf2 Nb6 45. Ne4+ Kf5 46. Nd6+ Kf4 47. Nxb5 Nc4 48. Rc3 a6 0-1


[Site "https://www.chess.com"]

[Event "Titled Tuesday Blitz July 18 Late 2023"]
[White "Xiong, Jeffery"]
[Black "Cremisi, Daniel"]
[WhiteFideId "2047640"]
[BlackFideId "2089882"]
[WhiteElo "2965"]
[BlackElo "2558"]
[Result "1-0"]
[Round "2"]
[TimeControl "180+2"]
[Date "2023.07.18"]
[WhiteClock "0:01:32"]
[BlackClock "0:01:05"]
[Board "20"]

1. e4 e6 2. d4 d5 3. e5 c5 4. c3 Nc6 5. Nf3 Qb6 6. Be2 cxd4 7. cxd4 Bd7 8. O-O Nge7 9. Nc3 Nf5 10. Na4 Qc7 11. g4 Nfe7 12. Be3 h5 13. h3 hxg4 14. hxg4 Ng6 15. Rc1 Be7 16. Kg2 O-O-O 17. a3 f6 18. b4 fxe5 19. dxe5 Ngxe5 20. Bf4 Bd6 21. Bxe5 Bxe5 22. b5 Bd6 23. bxc6 Bxc6 24. Bb5 Kb8 25. Bxc6 bxc6 26. Qe2 e5 27. Qa6 e4 28. Rb1+ Ka8 29. Nb6+ Qxb6 30. Rxb6 exf3+ 31. Kxf3 Rh3+ 32. Kg2 Rh2+ 33. Kg1 1-0


[Site "https://www.chess.com"]

[Event "Titled Tuesday Blitz July 18 Late 2023"]
[White "Przybylski, Wojciech"]
[Black "Hakobyan, Aram"]
[WhiteFideId "1117599"]
[BlackFideId "13306677"]
[WhiteElo "2556"]
[BlackElo "2963"]
[Result "0-1"]
[Round "2"]
[TimeControl "180+2"]
[Date "2023.07.18"]
[WhiteClock "0:00:08"]
[BlackClock "0:00:08"]
[Board "21"]

1. e4 c5 2. Nf3 d6 3. Bb5+ Bd7 4. a4 Nf6 5. d3 a6 6. Bc4 Nc6 7. Nc3 e6 8. O-O Be7 9. Re1 O-O 10. h3 Qc7 11. Bf4 Ne5 12. Ba2 b5 13. axb5 axb5 14. Nxe5 dxe5 15. Bg3 Bc6 16. b4 Ra3 17. Bb3 cxb4 18. Ne2 Rfa8 19. Rb1 Nd7 20. d4 Bxe4 21. Nc1 Bg6 22. Bxe5 Nxe5 23. dxe5 Rd8 24. Qe2 Bc5 25. Nd3 Bxd3 26. cxd3 Bd4 27. Kh1 Bc3 28. Red1 Qxe5 29. Qxe5 Bxe5 30. g3 Bd4 31. Kg2 g5 32. g4 Kg7 33. Kf3 Rc8 34. Ke4 Bf6 35. d4 Rc3 36. Rd3 Bd8 37. Rxc3 bxc3 38. Bc2 Ra5 39. Kd3 Be7 40. Kxc3 b4+ 41. Kc4 Ra7 42. Kd3 Rc7 43. Rb3 Bd6 44. Bd1 Rc1 45. Ke2 Kf6 46. Rf3+ Ke7 47. Rd3 Rc8 48. Bb3 Rh8 49. d5 e5 50. Rf3 h5 51. gxh5 Rxh5 52. Bc2 Rh4 53. Bf5 Rc4 54. Kd2 e4 55. Rb3 Bf4+ 56. Ke2 Kd6 57. f3 Rc2+ 58. Kd1 Rd2+ 59. Ke1 e3 60. Kf1 e2+ 61. Ke1 Bg3+ 62. Kxd2 e1=Q+ 63. Kc2 Be5 64. Be4 Qf2+ 65. Kb1 Bc3 66. Bd3 Qe1+ 67. Kc2 Qd2+ 68. Kb1 Qxd3+ 69. Ka2 Qc2+ 70. Rb2 Qxb2# 0-1


[Site "https://www.chess.com"]

[Event "Titled Tuesday Blitz July 18 Late 2023"]
[White "Petesch, Gabriel"]
[Black "Van Foreest, Jorden"]
[WhiteFideId "2032465"]
[BlackFideId "1039784"]
[WhiteElo "2556"]
[BlackElo "2948"]
[Result "0-1"]
[Round "2"]
[TimeControl "180+2"]
[Date "2023.07.18"]
[WhiteClock "0:00:05"]
[BlackClock "0:00:27"]
[Board "22"]

1. Nf3 Nf6 2. e3 b6 3. c4 Bb7 4. Nc3 e6 5. b3 d5 6. Bb2 dxc4 7. Bxc4 Be7 8. O-O O-O 9. d4 Nbd7 10. Qe2 a6 11. Rfd1 b5 12. Bd3 Qb8 13. Rac1 c5 14. dxc5 Nxc5 15. Bb1 b4 16. Na4 Nxa4 17. bxa4 Rd8 18. Ne5 Rxd1+ 19. Rxd1 Bd6 20. Ng4 Ne4 21. Nh6+ Kf8 22. Qh5 gxh6 23. Qxh6+ Ke8 24. Qxh7 Nc3 25. Bg6 Qc7 26. Qg8+ Bf8 27. Rd4 fxg6 28. Rf4 Ne2+ 0-1


[Site "https://www.chess.com"]

[Event "Titled Tuesday Blitz July 18 Late 2023"]
[White "Matlakov, Maxim"]
[Black "Ezat, Mohamed"]
[WhiteFideId "4168003"]
[BlackFideId "10600906"]
[WhiteElo "2947"]
[BlackElo "2551"]
[Result "1-0"]
[Round "2"]
[TimeControl "180+2"]
[Date "2023.07.18"]
[WhiteClock "0:00:38"]
[BlackClock "0:00:18"]
[Board "23"]

1. d4 Nf6 2. Nf3 g6 3. g3 Bg7 4. Bg2 O-O 5. O-O d6 6. Nc3 Nc6 7. d5 Nb4 8. e4 c5 9. h3 Na6 10. Re1 Nd7 11. Bf4 Nc7 12. a4 b6 13. e5 dxe5 14. Nxe5 Nxe5 15. Bxe5 Bxe5 16. Rxe5 Rb8 17. Qe1 e6 18. Rd1 exd5 19. Nxd5 Nxd5 20. Bxd5 Qf6 21. h4 Bg4 22. Rd3 h5 23. c4 a6 24. Rde3 b5 25. cxb5 axb5 26. a5 b4 27. Re7 Kh8 28. Qc1 Rbd8 29. R7e5 Kg7 30. Qxc5 Rc8 31. Qxb4 Rc2 32. Qf4 Qxf4 33. gxf4 Rxb2 34. Ra3 Rc8 35. a6 Be6 36. Bxe6 fxe6 37. a7 Ra8 38. Rxe6 Rb7 39. Rea6 Rf7 40. R3a4 Rf6 41. Rxf6 Kxf6 42. Kg2 Kf5 43. Kf3 Ke6 44. Ke4 Kf6 45. Ra6+ Kg7 46. Kd5 Kf7 47. Kc6 1-0


[Site "https://www.chess.com"]

[Event "Titled Tuesday Blitz July 18 Late 2023"]
[White "Jessel, Stephen"]
[Black "Terry, Renato"]
[WhiteFideId "628859"]
[BlackFideId "3803457"]
[WhiteElo "2550"]
[BlackElo "2942"]
[Result "0-1"]
[Round "2"]
[TimeControl "180+2"]
[Date "2023.07.18"]
[WhiteClock "0:00:05"]
[BlackClock "0:00:35"]
[Board "24"]

1. Nf3 d5 2. c4 d4 3. b4 f6 4. Na3 e5 5. Nc2 c5 6. bxc5 Bxc5 7. d3 Nc6 8. g3 Nge7 9. Bg2 Be6 10. Rb1 Qd7 11. O-O b6 12. Nd2 Bh3 13. Ne4 h5 14. Nxc5 bxc5 15. f3 h4 16. g4 Bxg2 17. Kxg2 h3+ 18. Kh1 a5 19. Rb5 Qd6 20. Bd2 Kf7 21. Na3 Nb4 22. Qb3 Qc6 23. Nc2 Nc8 24. a3 Nxc2 25. Qxc2 Nd6 26. Rb2 a4 27. Rfb1 Ra6 28. Qd1 Ra7 29. Qf1 Rb7 30. Rxb7+ Nxb7 31. Rb5 Nd6 32. Rb2 Kg6 33. Qb1 Ra8 34. Rb6 Qc7 35. Kg1 Ra7 36. Rb8 Nb7 37. Rh8 Nd6 38. Rb8 Ra6 39. Rb2 Ra8 40. Qf1 Rh8 41. Qb1 Kf7 42. Rb6 Ra8 43. Rb2 Ra7 44. Qf1 Rb7 45. Rxb7 Qxb7 46. Qxh3 Qb2 47. Qh5+ Ke7 48. Ba5 Qxe2 49. Qh7 Ne8 50. Qf5 g6 51. Qxg6 Qxf3 52. Qh7+ Kd6 53. Bb6 Qxg4+ 54. Kf2 Qf4+ 55. Ke2 Qe3+ 56. Kd1 Qf3+ 57. Kc2 Qg2+ 58. Kc1 Qf1+ 59. Kc2 Qe2+ 60. Kc1 Qe1+ 61. Kc2 Qc3+ 62. Kd1 Qb3+ 63. Ke2 Qxb6 64. Qe7+ Kxe7 0-1


[Site "https://www.chess.com"]

[Event "Titled Tuesday Blitz July 18 Late 2023"]
[White "Antipov, Mikhail Al."]
[Black "Gascon Del Nogal, Jose Rafael"]
[WhiteFideId "4107012"]
[BlackFideId "3902463"]
[WhiteElo "2926"]
[BlackElo "2548"]
[Result "0-1"]
[Round "2"]
[TimeControl "180+2"]
[Date "2023.07.18"]
[WhiteClock "0:00:04"]
[BlackClock "0:00:28"]
[Board "25"]

1. e4 c5 2. Nf3 d6 3. d4 cxd4 4. Nxd4 Nf6 5. Nc3 Nc6 6. Bg5 e6 7. Qd3 Bd7 8. Ndb5 Nb4 9. Qd1 a6 10. Bxf6 gxf6 11. a3 axb5 12. axb4 Rxa1 13. Qxa1 d5 14. exd5 Bxb4 15. dxe6 fxe6 16. Bd3 O-O 17. O-O Kh8 18. Nxb5 Bc6 19. Rd1 Rg8 20. Be4 Rxg2+ 21. Kh1 Bxe4 22. Nc3 Bxc3 23. Rxd8+ Rg8+ 24. f3 Bxf3# 0-1


[Site "https://www.chess.com"]

[Event "Titled Tuesday Blitz July 18 Late 2023"]
[White "Mekhane, Adam"]
[Black "Anton Guijarro, David"]
[WhiteFideId "36050601"]
[BlackFideId "2285525"]
[WhiteElo "2548"]
[BlackElo "2926"]
[Result "0-1"]
[Round "2"]
[TimeControl "180+2"]
[Date "2023.07.18"]
[WhiteClock "0:00:00"]
[BlackClock "0:00:10"]
[Board "26"]

1. e4 c6 2. d4 a6 3. c4 d5 4. cxd5 cxd5 5. exd5 Nf6 6. Nc3 Nxd5 7. Nf3 Nc6 8. Bc4 Be6 9. Bxd5 Bxd5 10. O-O e6 11. Bg5 Be7 12. Bxe7 Nxe7 13. Ne5 O-O 14. Rc1 Rc8 15. Re1 h6 16. h3 Nf5 17. Qd3 Nh4 18. f3 Qg5 19. Ng4 Rcd8 20. Qe3 Qe7 21. Rcd1 Nf5 22. Qf2 Qb4 23. a3 Qb6 24. Ne5 Bb3 25. Rd2 Bd5 26. Red1 Ne7 27. Nxd5 Rxd5 28. Kh2 Rfd8 29. Kg1 Nf5 30. Nc4 Qa7 31. Ne3 Nxe3 32. Qxe3 e5 33. Qe4 exd4 34. Rd3 Qb6 35. Kh2 Qxb2 36. R3d2 Qb6 37. Rb1 Qd6+ 38. g3 b5 39. h4 Qxa3 40. Rc2 Qe3 0-1


[Site "https://www.chess.com"]

[Event "Titled Tuesday Blitz July 18 Late 2023"]
[White "Durarbayli, Vasif"]
[Black "vishwa_vijeta"]
[WhiteFideId "13402935"]
[WhiteElo "2925"]
[BlackElo "2547"]
[Result "1-0"]
[Round "2"]
[TimeControl "180+2"]
[Date "2023.07.18"]
[WhiteClock "0:01:31"]
[BlackClock "0:00:00"]
[Board "27"]

1. e4 c5 2. Nf3 d6 3. d4 cxd4 4. Nxd4 Nf6 5. Nc3 g6 6. Be2 Bg7 7. O-O O-O 8. Kh1 Nc6 9. Nb3 Bd7 10. f4 Rc8 11. Be3 a6 12. a4 Na5 13. e5 Ne8 14. Nxa5 Qxa5 15. Nd5 Rc5 16. Nxe7+ Kh8 17. exd6 Bxb2 18. Rb1 Bg7 19. Rxb7 Rc3 20. Bd4 Nf6 21. Bxf6 Bxf6 22. Rxd7 Qxa4 23. Rb7 Qe4 24. Bf3 Qc4 25. Nd5 Rxf3 26. Qxf3 Bd4 27. Rc7 Qb5 28. c4 1-0


[Site "https://www.chess.com"]

[Event "Titled Tuesday Blitz July 18 Late 2023"]
[White "Voege, Tobias"]
[Black "Grigoriants, Sergey"]
[WhiteFideId "1270513"]
[BlackFideId "4130804"]
[WhiteElo "2545"]
[BlackElo "2922"]
[Result "1-0"]
[Round "2"]
[TimeControl "180+2"]
[Date "2023.07.18"]
[WhiteClock "0:00:17"]
[BlackClock "0:00:00"]
[Board "28"]

1. e4 c5 2. Nf3 Nc6 3. d4 cxd4 4. Nxd4 Nf6 5. Nc3 d6 6. Bc4 e6 7. O-O a6 8. a4 Be7 9. Be3 O-O 10. h3 h6 11. Qe2 Re8 12. Rad1 Qc7 13. Ba2 Bf8 14. f4 Nb4 15. Bb3 b6 16. Bf2 Nd7 17. f5 Nc5 18. fxe6 fxe6 19. Bc4 Bb7 20. Bg3 Qd7 21. Qg4 Rad8 22. Nf5 Kh7 23. Nxd6 Bxd6 24. Rxd6 Qe7 25. Rfd1 Nxc2 26. Bh4 Qxd6 27. Rxd6 Rxd6 28. e5 Rd4 29. Qe2 Rxh4 30. Qxc2+ Kh8 31. Ba2 Rd4 32. Bb1 Ne4 33. Ba2 Rd2 34. Qb3 Nxc3 35. Qxc3 Rxg2+ 36. Kf1 Rf8+ 37. Ke1 Bd5 38. Bxd5 exd5 39. e6 Re8 40. Qc6 Re7 41. Qd6 Re8 42. Qd7 1-0


[Site "https://www.chess.com"]

[Event "Titled Tuesday Blitz July 18 Late 2023"]
[White "Zhigalko, Sergei"]
[Black "Goffredo_Fofi"]
[WhiteFideId "13502956"]
[WhiteElo "2890"]
[BlackElo "2544"]
[Result "1-0"]
[Round "2"]
[TimeControl "180+2"]
[Date "2023.07.18"]
[WhiteClock "0:00:15"]
[BlackClock "0:00:09"]
[Board "29"]

1. e4 g6 2. d4 Bg7 3. Nc3 c6 4. Nf3 d5 5. h3 dxe4 6. Nxe4 Nf6 7. Bd3 Nxe4 8. Bxe4 Nd7 9. O-O O-O 10. Re1 c5 11. c3 cxd4 12. Nxd4 Nc5 13. Bc2 e5 14. Nb5 Qb6 15. a4 a6 16. Qd6 Qxd6 17. Nxd6 Rd8 18. Be3 Rxd6 19. Bxc5 Rc6 20. Ba3 Be6 21. Rad1 Bf6 22. Rd2 Rac8 23. a5 b5 24. Be4 R6c7 25. Bb4 Bb3 26. Rd6 Be7 27. Rxa6 Bxb4 28. cxb4 Rc1 29. Rxc1 Rxc1+ 30. Kh2 Re1 31. Bc6 Bc4 32. Rb6 Re2 33. a6 1-0


[Site "https://www.chess.com"]

[Event "Titled Tuesday Blitz July 18 Late 2023"]
[White "Nguyen, Ngoc Truong Son"]
[Black "Trifan, Andrei Ioan"]
[WhiteFideId "12401110"]
[BlackFideId "12967068"]
[WhiteElo "2882"]
[BlackElo "2540"]
[Result "1/2-1/2"]
[Round "2"]
[TimeControl "180+2"]
[Date "2023.07.18"]
[WhiteClock "0:00:03"]
[BlackClock "0:00:20"]
[Board "30"]

1. e4 e5 2. Nf3 Nc6 3. Bc4 Bc5 4. c3 Nf6 5. d3 d6 6. h3 a6 7. a4 h6 8. Na3 Ba7 9. b4 Ne7 10. b5 axb5 11. axb5 Ng6 12. Nc2 Be6 13. Bxe6 fxe6 14. O-O O-O 15. g3 Qd7 16. c4 Bc5 17. Be3 b6 18. Kg2 Qf7 19. Bxc5 bxc5 20. Nh2 Nh7 21. Qf3 Qe7 22. Qg4 Qf7 23. Rxa8 Rxa8 24. Ra1 Rxa1 25. Nxa1 Nf6 26. Qd1 Qe8 27. Qa4 Nd7 28. Nc2 Qb8 29. Nf3 Nb6 30. Qa6 Ne7 31. Ne3 Kf7 32. h4 Ke8 33. h5 Kd7 34. Nh4 Qe8 35. g4 Qf7 36. Qb7 Qf4 37. Qb8 Qf7 38. Qh8 Nbc8 39. Qh7 Ng8 40. Qg6 Qf8 41. g5 Nce7 42. Qh7 hxg5 43. Ng6 Qf7 44. Nh8 Qf8 45. Ng6 Qf7 46. Ng4 Nf6 47. Nxf6+ Qxf6 48. Nxe7 Kxe7 49. Qh8 Qf8 50. Qh7 Qf6 51. Qh8 Qf8 52. Qh7 Qf6 1/2-1/2


[Site "https://www.chess.com"]

[Event "Titled Tuesday Blitz July 18 Late 2023"]
[White "Rengifo Blancas, Renzo Jhonathan"]
[Black "Tang, Andrew"]
[WhiteFideId "3807185"]
[BlackFideId "2059630"]
[WhiteElo "2538"]
[BlackElo "2879"]
[Result "0-1"]
[Round "2"]
[TimeControl "180+2"]
[Date "2023.07.18"]
[WhiteClock "0:01:29"]
[BlackClock "0:02:08"]
[Board "31"]

1. e4 e5 2. Nf3 Nc6 3. d4 exd4 4. Bc4 Nf6 5. e5 d5 6. Bb5 Ne4 7. Nxd4 Bc5 8. Bxc6+ bxc6 9. Nc3 Qh4 10. g3 Nxg3 11. Nf3 Bxf2+ 12. Kxf2 Ne4+ 13. Ke3 Qf2+ 14. Kf4 g5# 0-1


[Site "https://www.chess.com"]

[Event "Titled Tuesday Blitz July 18 Late 2023"]
[White "Schekachikhin, Maksim"]
[Black "Tin, Jingyao"]
[WhiteFideId "24177830"]
[BlackFideId "5804418"]
[WhiteElo "2537"]
[BlackElo "2865"]
[Result "0-1"]
[Round "2"]
[TimeControl "180+2"]
[Date "2023.07.18"]
[WhiteClock "0:00:07"]
[BlackClock "0:00:27"]
[Board "32"]

1. b3 e5 2. Bb2 Nc6 3. c4 Nf6 4. d3 d5 5. cxd5 Nxd5 6. Nf3 Bd6 7. Nbd2 O-O 8. g3 Re8 9. Bg2 Bg4 10. O-O Qd7 11. a3 Bh3 12. b4 Bxg2 13. Kxg2 a5 14. b5 Nd4 15. a4 Nxf3 16. Nxf3 c6 17. Qb3 Nb4 18. bxc6 Qxc6 19. Rfc1 Qd7 20. Rc4 b5 21. axb5 Qxb5 22. Qa4 Qb7 23. Bc3 f6 24. Kg1 Kh8 25. Nd2 Reb8 26. Rc1 Nd5 27. Ne4 Bf8 28. Nc5 Qf7 29. Nd7 Rd8 30. Nxf8 Nb6 31. Ng6+ Qxg6 32. Qb5 Nxc4 33. Qxc4 Rdc8 34. Qa4 Qe8 35. Qa2 a4 36. Bd2 Rxc1+ 37. Bxc1 a3 0-1


[Site "https://www.chess.com"]

[Event "Titled Tuesday Blitz July 18 Late 2023"]
[White "Rasulov, Vugar"]
[Black "Musovic, Armin"]
[WhiteFideId "13402390"]
[BlackFideId "939935"]
[WhiteElo "2865"]
[BlackElo "2535"]
[Result "0-1"]
[Round "2"]
[TimeControl "180+2"]
[Date "2023.07.18"]
[WhiteClock "0:02:12"]
[BlackClock "0:01:56"]
[Board "33"]

1. Nf3 Nf6 2. c4 c5 3. g3 g6 4. Bg2 Bg7 5. b3 O-O 6. Bb2 Nc6 7. O-O Re8 8. d4 cxd4 9. Nxd4 Nxd4 10. Bxd4 Qa5 11. Nd2 Qh5 12. Ne4 Nxe4 13. Bxe4 d6 14. Bxg7 Kxg7 15. Qd4+ Kg8 16. Bf3 Qh6 17. Rfd1 Qg7 18. Rac1 Qxd4 19. Rxd4 Rb8 20. c5 dxc5 21. Rxc5 Bh3 22. Rh4 Be6 23. Kg2 Rec8 24. Rxc8+ Bxc8 25. Rc4 Kf8 26. g4 Ke8 27. g5 Kd8 28. Rh4 Be6 29. Rxh7 Kc7 30. h4 Kd6 31. Kg3 b5 32. h5 gxh5 33. Bxh5 Rf8 34. Kf4 a5 35. e4 a4 36. bxa4 bxa4 37. a3 f6 38. g6 Rb8 39. g7 Rb3 40. Rh8 Bd7 41. g8=Q e5# 0-1


[Site "https://www.chess.com"]

[Event "Titled Tuesday Blitz July 18 Late 2023"]
[White "Shubenkova, Veronika"]
[Black "Moskalenko, Alexander"]
[WhiteFideId "44124040"]
[BlackFideId "4155351"]
[WhiteElo "2534"]
[BlackElo "2863"]
[Result "0-1"]
[Round "2"]
[TimeControl "180+2"]
[Date "2023.07.18"]
[WhiteClock "0:01:10"]
[BlackClock "0:02:00"]
[Board "34"]

1. e4 a6 2. d4 c6 3. c4 d5 4. cxd5 cxd5 5. e5 Nc6 6. Nc3 g6 7. f4 Bg7 8. h3 h5 9. Nf3 Nh6 10. Bd3 Nf5 11. Bxf5 Bxf5 12. O-O h4 13. Kh2 e6 14. b3 Bf8 15. a3 Rc8 16. Bb2 Be7 17. Rc1 b5 18. Qd2 Na5 19. b4 Nb3 20. Qe2 Nxc1 21. Rxc1 O-O 22. g4 hxg3+ 23. Kxg3 Kg7 24. h4 Rh8 25. Rh1 Rh5 26. Ng5 Qc7 27. Rc1 Qc4 28. Qf3 Qb3 29. Nd1 Qxf3+ 30. Nxf3 Rc4 31. Ne3 Rxc1 32. Bxc1 Be4 33. Ng2 Bxf3 34. Kxf3 Bxh4 35. Ne3 Be7 36. Bd2 Rh2 37. Nf1 Rh3+ 0-1


[Site "https://www.chess.com"]